 Dungeon Crawl Stone Soup version 0.27-a0-1334-g2746e35aca (webtiles) character file.

Game seed: 3803607720298373894

2632 Zonian the Destroyer (level 9, -16/66 HPs)
             Began as a Gnoll Conjurer on June 26, 2021.
             Demolished by Joseph (17 damage)
             ... on level 7 of the Dungeon.
             The game lasted 00:26:10 (14282 turns).

Zonian the Destroyer (Gnoll Conjurer)              Turns: 14282, Time: 00:26:17

Health: -16/66     AC:  5    Str:  7    XL:     9   Next: 61%
Magic:  4/19       EV: 13    Int: 21    God:
Gold:   221        SH:  5    Dex: 10    Spells: 4/21 levels left

rFire    . . .     SeeInvis .   f - +9 staff of Olgreb {rPois∞}
rCold    + + .     Faith    .   (no shield)
rNeg     . . .     Spirit   .   A - +1 leather armour {rC+}
rPois    ∞         Reflect  +   (no helmet)
rElec    .         Harm     .   k - +0 cloak
rCorr    .         Rampage  .   (no gloves)
Will     .....                  (no boots)
Stlth    +++.......             D - amulet of reflection
HPRegen  0.21/turn              g - ring of protection from cold
MPRegen  0.16/turn              (no ring)

@: very slightly contaminated
A: fangs 1, strong nose, distributed training
a: no special abilities


You were on level 7 of the Dungeon.
You visited 2 branches of the dungeon, and saw 8 of its levels.

You collected 221 gold pieces.

Inventory:

Hand Weapons
 c - a +0 whip of electrocution
 d - a +0 dagger
 f - the +9 staff of Olgreb (weapon) {rPois∞}
   (You acquired it on level 3 of the Dungeon)

   It may poison the flesh of those it strikes, and is more effective with a
   high Evocations skill.
   It enhances your poison magic.
   It grants immunity to poison.
   It can be evoked to poison those around you for a time.
 y - a +7 quick blade
 C - a +5 spear
Missiles
 e - 22 poisoned darts
 t - 4 javelins
 u - 5 atropa-tipped darts
Armour
 a - a +0 robe
 k - a +0 cloak (worn)
 p - a +2 ring mail of poison resistance
 q - a +0 leather armour
 v - a scarf of invisibility
 A - a +1 leather armour of cold resistance (worn)
Jewellery
 g - a ring of protection from cold (left hand)
 n - an amulet of regeneration
 D - an amulet of reflection (around neck)
Wands
 o - a wand of charming (4)
Scrolls
 j - 3 scrolls of fog
Potions
 b - a potion of lignification {unknown}
 h - a potion of flight {unknown}
 i - 2 potions of mutation {unknown}
 l - 6 potions of curing {unknown}
 m - 2 potions of attraction {unknown}
 r - a potion of ambrosia {unknown}
 s - a potion of heal wounds {unknown}
 w - a potion of brilliance {unknown}
 x - a potion of berserk rage {unknown}
 z - a potion of resistance {unknown}
 B - a potion of might {unknown}


   Skills:
 + Level 4.4 Fighting
 + Level 4.4 Short Blades
 + Level 4.4 Long Blades
 + Level 4.4 Axes
 + Level 4.4 Maces & Flails
 + Level 4.4 Polearms
 + Level 4.4 Staves
 + Level 4.4 Slings
 + Level 4.4 Bows
 + Level 4.4 Crossbows
 + Level 4.4 Throwing
 + Level 4.4 Armour
 + Level 6.4 Dodging
 + Level 6.1 Stealth
 + Level 4.4 Shields
 + Level 4.4 Unarmed Combat
 + Level 6.7 Spellcasting
 + Level 8.1 Conjurations
 + Level 3.6 Hexes
 + Level 3.6 Summonings
 + Level 3.6 Necromancy
 + Level 3.6 Translocations
 + Level 3.6 Transmutations
 + Level 3.6 Fire Magic
 + Level 3.6 Ice Magic
 + Level 3.6 Air Magic
 + Level 3.6 Earth Magic
 + Level 3.6 Poison Magic
 + Level 4.9 Invocations
 + Level 4.4 Evocations


You had 4 spell levels left.
You knew the following spells:

 Your Spells              Type           Power      Damage    Failure   Level
a - Magic Dart            Conj           100%       1d8       1%          1
b - Searing Ray           Conj           82%        3d6       1%          2
c - Dazzling Flash        Conj/Hex       62%        N/A       3%          3
d - Iskenderun's Mystic   Conj/Tloc      31%        2d8       12%         4
e - Swiftness             Air            22%        N/A       9%          3
f - Airstrike             Air            11%        N/A       28%         4

Your spell library contained the following spells:

 Spells                   Type           Power      Damage    Failure   Level
 Shock                    Conj/Air       100%       1d9       1%          1
 Static Discharge         Conj/Air       31%        N/A       1%          2
 Fulminant Prism          Conj/Hex       15%        3d11      12%         4
 Lightning Bolt           Conj/Air       15%        1d29      32%         5


Dungeon Overview and Level Annotations

Branches:
Dungeon (7/15)             Temple (1/1) D:5

Altars:
Ashenzari
Cheibriados
Fedhas
Gozag
Hepliaklqana
Kikubaaqudgha
Makhleb
Nemelex Xobeh
Okawaru
Qazlal
Sif Muna
Trog
Uskayaw
Vehumet
Wu Jian
Xom
Yredelemnul
Zin
The Shining One

Shops:
D:1 (:=[

Annotations:
D:7 Joseph


Innate Abilities, Weirdness & Mutations

You have very sharp teeth.
Your uncanny sense of smell can sniff out nearby items.
Your experience applies equally to all skills.


Message History

You smell chlorine.
f - the +9 staff of Olgreb (weapon)
{rPois∞} You block Joseph's attack.
You begin to radiate toxic energy.
Joseph is poisoned.
You block Joseph's attack.
Unknown command.
Your toxic radiance grows in intensity.
Joseph looks even sicker.
Joseph says, "I've waited for this moment for such a long time."
Joseph barely misses you.
Unknown command.
You completely miss Joseph.
Joseph is moderately wounded.
Joseph hits you with a +0 quarterstaff.
You barely miss Joseph.
Joseph is moderately wounded.
Joseph hits you with a +0 quarterstaff!
Unknown command.
Your toxic radiance grows in intensity.
Joseph closely misses you.
Unknown command.
Unknown command.
You hit Joseph but do no damage.
You envenom Joseph.
Joseph looks even sicker.
Joseph is moderately wounded.
Joseph looks as sick as possible!
Joseph hits you with a +0 quarterstaff!
* * * LOW HITPOINT WARNING * * *
You closely miss Joseph.
Joseph is moderately wounded.
Joseph looks as sick as possible!
Your toxic aura wanes.
Joseph hits you with a +0 quarterstaff!
* * * LOW HITPOINT WARNING * * *
Unknown command.
Okay, then.
Casting: Searing Ray (safe; 1% risk of failure)
Confirm with . or Enter, or press ? or * to list all spells.
You miscast Iskenderun's Mystic Blast.
You are very lightly contaminated with residual magic.
The air around you crackles with energy.
* * * LOW HITPOINT WARNING * * *
Joseph hits you with a +0 quarterstaff!
You die...

#......##'###.......#
#.#'#####÷.....######
####......##......##..##
#..#.[........##..##...#
######........(....##..##..##
........#########..##......#
........##.....###+##......#
##..##..........#..........#
#. #..##..@@..+..........# ..
##+###+#########......# . ##
##......# #.. #..)....#
#...+.......# #..##'###.##
.##..##.#######
........#......
........'......


You could see Joseph (extremely poisoned).

Vanquished Creatures
  Prince Ribbit (D:7)
  Sigmund (D:3)
  Eustachio (D:4)
  3 water moccasins
  A hornet zombie (D:7)
  2 ice beasts
  A black bear (D:2)
  A sky beast (D:5)
  3 ogres
  2 centaurs (D:6)
  A phantom (D:6)
  A water moccasin skeleton (D:6)
  5 wights (D:6)
  2 hounds
  2 orc priests (D:4)
  Ijyb (D:3)
  Terence (D:3)
  4 iguanas
  3 orc wizards
  A hound zombie (D:5)
  A hound skeleton (D:4)
  A mummy (D:6)
  7 gnolls
  6 adders
  3 white imps
  An adder zombie (D:5)
  2 worms (D:3)
  2 dart slugs
  11 orcs
  5 ball pythons
  6 endoplasms
  4 giant cockroaches
  5 goblins
  7 hobgoblins
  12 jackals
  3 quokkas
  3 bats
  2 frilled lizards
  A hobgoblin zombie (D:6)
  6 kobolds (D:2)
  2 kobold zombies (D:6)
  An orc zombie (D:6)
  6 rats
134 creatures vanquished.

Vanquished Creatures (others)
  5 demonic plants (D:2)
  A withered plant (D:2)
6 creatures vanquished.

Grand Total: 140 creatures vanquished

Notes
Turn   | Place    | Note
-------+----------+-------------------------------------------
     0 | D:1      | Zonian the Gnoll Conjurer began the quest for the Orb.
     0 | D:1      | Reached XP level 1. HP: 13/13 MP: 6/6
    91 | D:1      | Found Rutzaf's Book Shop.
   123 | D:1      | Found Teapt's Weapon Emporium.
   160 | D:1      | Reached XP level 2. HP: 15/19 MP: 1/7
   433 | D:1      | Learned a level 2 spell: Searing Ray
   660 | D:1      | Found Opla's Antique Armour Emporium.
   685 | D:1      | Found Ixuoxi's Jewellery Shoppe.
   971 | D:2      | Found a faded altar of an unknown god.
  1029 | D:2      | Noticed a black bear
  1035 | D:2      | Killed a black bear
  1036 | D:2      | Reached skill level 1 in Fighting
  1036 | D:2      | Reached skill level 1 in Short Blades
  1036 | D:2      | Reached skill level 1 in Long Blades
  1036 | D:2      | Reached skill level 1 in Axes
  1036 | D:2      | Reached skill level 1 in Maces & Flails
  1036 | D:2      | Reached skill level 1 in Polearms
  1036 | D:2      | Reached skill level 1 in Staves
  1036 | D:2      | Reached skill level 1 in Slings
  1036 | D:2      | Reached skill level 1 in Bows
  1036 | D:2      | Reached skill level 1 in Crossbows
  1036 | D:2      | Reached skill level 1 in Throwing
  1036 | D:2      | Reached skill level 1 in Armour
  1036 | D:2      | Reached skill level 1 in Shields
  1036 | D:2      | Reached skill level 1 in Unarmed Combat
  1036 | D:2      | Reached skill level 5 in Spellcasting
  1036 | D:2      | Reached skill level 1 in Hexes
  1036 | D:2      | Reached skill level 1 in Summonings
  1036 | D:2      | Reached skill level 1 in Necromancy
  1036 | D:2      | Reached skill level 1 in Translocations
  1036 | D:2      | Reached skill level 1 in Transmutations
  1036 | D:2      | Reached skill level 1 in Fire Magic
  1036 | D:2      | Reached skill level 1 in Ice Magic
  1036 | D:2      | Reached skill level 1 in Air Magic
  1036 | D:2      | Reached skill level 1 in Earth Magic
  1036 | D:2      | Reached skill level 1 in Poison Magic
  1036 | D:2      | Reached skill level 1 in Invocations
  1036 | D:2      | Reached skill level 1 in Evocations
  1036 | D:2      | Reached XP level 3. HP: 26/26 MP: 1/9
  1036 | D:2      | Reached XP level 4. HP: 32/32 MP: 1/11
  1249 | D:2      | Reached XP level 5. HP: 37/37 MP: 10/12
  2610 | D:3      | Noticed an ogre
  2991 | D:3      | Killed an ogre
  2992 | D:3      | Reached XP level 6. HP: 44/44 MP: 6/13
  3245 | D:2      | Learned a level 3 spell: Dazzling Flash
  3523 | D:3      | Identified a scroll of acquirement
  3523 | D:3      | Acquired the +9 staff of Olgreb {rPois∞}
  3524 | D:3      | Found the +9 staff of Olgreb {rPois∞}
  3846 | D:3      | Noticed Terence
  3870 | D:3      | Noticed Ijyb
  3889 | D:3      | Killed Ijyb
  4541 | D:3      | Noticed Sigmund
  4814 | D:3      | Killed Terence
  4815 | D:3      | Reached skill level 5 in Dodging
  4933 | D:3      | Killed Sigmund
  4934 | D:3      | Reached XP level 7. HP: 15/50 MP: 5/15
  5431 | D:3      | Learned a level 4 spell: Iskenderun's Mystic Blast
  6273 | D:4      | Noticed Eustachio
  6286 | D:4      | Killed Eustachio
  6791 | D:4      | Reached skill level 5 in Stealth
  7940 | D:5      | Entered Level 5 of the Dungeon
  7981 | D:5      | Reached XP level 8. HP: 55/57 MP: 10/16
  8150 | D:5      | Found a staircase to the Ecumenical Temple.
  8155 | Temple   | Entered the Ecumenical Temple
  8315 | Temple   | Upgraded the game from 0.27-a0-1332-g84bddb5ca7 to
                  | 0.27-a0-1334-g2746e35aca
  8581 | D:5      | Acquired a +7 quick blade
  8692 | D:5      | Found a burning altar of Makhleb.
 10843 | D:6      | Reached XP level 9. HP: 42/65 MP: 18/18
 12821 | D:7      | Reached skill level 8 in Conjurations
 13106 | D:7      | Learned a level 3 spell: Swiftness
 13111 | D:7      | Learned a level 4 spell: Airstrike
 13859 | D:7      | Noticed Prince Ribbit
 13871 | D:7      | Killed Prince Ribbit
 14263 | D:7      | Noticed Joseph
 14282 | D:7      | HP: 1/66 [something (4)]
 14282 | D:7      | Demolished by Joseph

Illustrated notes

Levels and vault maps discovered:
D:1:      minmay_arrival_four_loops, layout_rooms, serial_shops,
          nicolae_shop_overgrown_old_shop, shop,
          nicolae_shop_temple_entry_statues_fountains, nicolae_square_shop,
          chequers_serial_rivers_room_a
D:2:      minmay_diamond_boxcup, layout_loops_ring, shapermc_ecumenical_altar_gd
D:3:      layout_rooms, uniq_terence, uniq_ijyb, uniq_sigmund
D:4:      layout_gridville, uniq_eustachio
D:5:      layout_cave_pools, lightli_temple_of_fire, temple_doors_e,
          minmay_misc_feat_more_columns
D:6:      layout_rooms, minmay_mini_ossuary
D:7:      layout_gridville, uniq_prince_ribbit1, uniq_joseph, uniq_duvessa
Temple:   regret_index_temple_mists

Skill      XL: |  1  2  3  4  5  6  7  8  9 |
---------------+----------------------------+-----
Fighting       | 1 2 3 4 |  4.4
Short Blades   | 1 2 3 4 |  4.4
Long Blades    | 1 2 3 4 |  4.4
Axes           | 1 2 3 4 |  4.4
Maces & Flails | 1 2 3 4 |  4.4
Polearms       | 1 2 3 4 |  4.4
Staves         | 1 2 3 4 |  4.4
Slings         | 1 2 3 4 |  4.4
Bows           | 1 2 3 4 |  4.4
Crossbows      | 1 2 3 4 |  4.4
Throwing       | 1 2 3 4 |  4.4
Armour         | 1 2 3 4 |  4.4
Shields        | 1 2 3 4 |  4.4
Unarmed Combat | 1 2 3 4 |  4.4
Spellcasting   | 5 6 |  6.7
Hexes          | 1 2 3 |  3.6
Summonings     | 1 2 3 |  3.6
Necromancy     | 1 2 3 |  3.6
Translocations | 1 2 3 |  3.6
Transmutations | 1 2 3 |  3.6
Fire Magic     | 1 2 3 |  3.6
Ice Magic      | 1 2 3 |  3.6
Air Magic      | 1 2 3 |  3.6
Earth Magic    | 1 2 3 |  3.6
Poison Magic   | 1 2 3 |  3.6
Invocations    | 1 2 3 4 |  4.9
Evocations     | 1 2 3 4 |  4.4
Dodging        | 5 6 |  6.4
Stealth        | 5 6 |  6.1
Conjurations   | 8 |  8.1

Action                   |  1- 3 |  4- 6 |  7- 9 || total
-------------------------+-------+-------+-------++-------
Melee: Whip              |     4 |    19 |       ||    23
       Bite              |       |     1 |     4 ||     5
       Staff             |       |    17 |    50 ||    67
       Quick blade       |       |       |    32 ||    32
 Cast: Magic Dart        |    31 |    48 |   116 ||   195
       Searing Ray       |       |     8 |    26 ||    34
       Iskenderun's Myst |       |       |     1 ||     1
Evoke: Staff of Olgreb   |       |    13 |    43 ||    56
       Wand              |       |       |     1 ||     1
  Use: Scroll            |       |     5 |     5 ||    10
 Stab: Sleeping          |       |     2 |     3 ||     5
Armor: Robe              |       |    15 |    19 ||    34
       Leather armour    |       |       |     2 ||     2
Dodge: Dodged            |     7 |    55 |    75 ||   137
Block: Other             |       |       |     6 ||     6

Table legend: (Time is in decaauts)
 A = Elapsed time spent in this place.
 B = Non-inter-level travel time spent in this place.
 C = Inter-level travel time spent in this place.
 D = Time resting spent in this place.
 E = Time spent auto-exploring this place.
 F = Levels seen in this place.
 G = Mean time per level.
                   A        B        C        D        E       F      G
               +--------+--------+--------+--------+--------+-----+--------+
         Total |  14328 |  14079 |    249 |   9223 |   3379 |   8 | 1791.0 |
       Dungeon |  14107 |  13864 |    243 |   9223 |   3205 |   7 | 2015.3 |
        Temple |    221 |    216 |      5 |      0 |    174 |   1 |  221.0 |
               +--------+--------+--------+--------+--------+-----+--------+

Top non-repeatable levels by time:
     D:2: 3589 daAuts
     D:6: 2795 daAuts
     D:4: 2424 daAuts
     D:5: 1957 daAuts
     D:7: 1405 daAuts
     D:3: 1068 daAuts
     D:1: 866 daAuts
  Temple: 221 daAuts
